 Dungeon Crawl Stone Soup version 0.30.1-3-gfc49f6343a (webtiles) character file.

Game seed: 16196241745552577592

50 Heoruswealwe the Shooter (level 3, 0/30 HPs)
             Began as a Demigod Hunter on Aug 9, 2023.
             Slain by an endoplasm (3 damage)
             ... on level 2 of the Dungeon.
             The game lasted 00:07:39 (1000 turns).

Heoruswealwe the Shooter (Demigod Hunter)           Turns: 1000, Time: 00:07:40

Health: 0/30       AC:  3    Str: 12    XL:     3   Next: 35%
Magic:  5/5        EV: 12    Int: 11    God:
Gold:   156        SH:  0    Dex: 21    Spells: 2/2 levels left

rFire   . . .        a - +0 shortbow
rCold   . . .        (shield currently unavailable)
rNeg    . . .        c - +0 leather armour
rPois   .            (no helmet)
rElec   .            (no cloak)
rCorr   .            (no gloves)
SInv    .            (no boots)
Will    .....        (no amulet)
Stlth   ++           (no ring)
HPRegen 0.25/turn    (no ring)
MPRegen 0.09/turn

%: no passive effects
@: no status effects
A: high MP 1, forlorn, divine attributes
a: no special abilities


You were on level 2 of the Dungeon.
You visited 1 branch of the dungeon, and saw 2 of its levels.

You collected 156 gold pieces.

Inventory:

Hand Weapons
 a - a +0 shortbow (weapon)
Armour
 c - a +0 leather armour (worn)
Wands
 j - a wand of charming (4)
Scrolls
 b - a scroll of immolation
 e - a scroll of vulnerability {unknown}
 f - a scroll of identify {unknown}
 g - a scroll of summoning {unknown}
 h - a scroll of fog {unknown}
Potions
 d - 2 potions of curing {unknown}
 i - a potion of heal wounds {unknown}


   Skills:
 + Level 2.8 Fighting
 + Level 4.3 Ranged Weapons
 - Level 1.7 Dodging
 - Level 0.8 Stealth


You had 2 spell levels left.
You didn't know any spells.
Your spell library contained the following spells:

 Spells                   Type           Power      Damage    Failure   Level
 Sting                    Tmut/Pois      0%         1d3       41%         1


Dungeon Overview and Level Annotations

Branches:
Dungeon (2/15)

Annotations:
D:2 Natasha


Innate Abilities, Weirdness & Mutations

You have an increased reservoir of magic. (+10% MP)
You shall have no god before yourself.
Your divine heritage dramatically boosts your attributes as you level up.


Message History

The cerulean imp misses you.
You shoot an arrow. The arrow closely misses Natasha.
The goblin hits you but does no damage. Natasha claws you.
The cerulean imp hits you but does no damage.
The goblin closely misses you. Natasha claws you but does no damage.
You shoot an arrow. The arrow barely misses Natasha.
The cerulean imp hits you from afar with a +3 spear.
The goblin misses you. Natasha completely misses you.
The giant cockroach bites you but does no damage.
You shoot an arrow. The arrow hits Natasha.
Natasha is severely wounded.
The cerulean imp closely misses you.
The giant cockroach bites you but does no damage.
The goblin closely misses you. Natasha closely misses you.
The cerulean imp hits you from afar with a +3 spear.
You shoot an arrow. The arrow closely misses Natasha.
The giant cockroach bites you but does no damage.
The goblin hits you with a +0 dagger. Natasha claws you but does no damage.
The giant cockroach bites you. The cerulean imp barely misses you.
The endoplasm barely misses you. The goblin hits you with a +0 dagger.
Natasha completely misses you.
You are too injured to fight recklessly!
Fire: a) +0 shortbow
Press: ? - help, Q - select action, (/) - cycle Shift-Dir - straight line, f/p - Natasha
Aim: Natasha (severely wounded, 59% to hit)
You shoot an arrow. The arrow barely misses Natasha.
The giant cockroach misses you. The cerulean imp closely misses you.
The endoplasm closely misses you. The goblin hits you with a +0 dagger.
Natasha claws you.
* * * LOW HITPOINT WARNING * * *
The giant cockroach closely misses you.
Fire: a) +0 shortbow
Press: ? - help, Q - select action, (/) - cycle Shift-Dir - straight line, f/p - Natasha
Aim: Natasha (severely wounded, 59% to hit)
You shoot an arrow. The arrow hits Natasha.
Natasha is almost dead.
The cerulean imp hits you from afar with a +3 spear.
* * * LOW HITPOINT WARNING * * *
The endoplasm hits you.
You die...

###############
#......#.......
#......#.......
#..............
#.......J......
#......@gJ.....
#......hB......
###.†....5.....
#............
##...........
##.##........
#.........#.#
#>........#.#
#.#######.#


You could see Natasha, a cerulean imp (summoned), 2 endoplasms, a giant
cockroach and a goblin.

Vanquished Creatures
  An adder (D:2)
  A worm (D:2)
  2 dart slugs (D:1)
  An orc (D:2)
  4 bats
  An endoplasm (D:1)
  A giant cockroach (D:1)
  4 hobgoblins
  3 jackals (D:1)
  2 quokkas (D:1)
  3 ball pythons
  A frilled lizard (D:1)
  2 goblins
  A kobold (D:1)
  5 rats (D:1)
32 creatures vanquished.

Notes
Turn   | Place    | Note
-------+----------+-------------------------------------------
     0 | D:1      | Heoruswealwe the Demigod Hunter began the quest for the
                  | Orb.
     0 | D:1      | Reached XP level 1. HP: 17/17 MP: 3/3
   270 | D:1      | Reached XP level 2. HP: 24/24 MP: 4/4
   370 | D:1      | Reached skill level 4 in Ranged Weapons
   543 | D:1      | Got Plato's Lectures on Transmogrification
   803 | D:2      | Reached XP level 3. HP: 24/30 MP: 5/5
   987 | D:2      | Noticed Natasha
  1000 | D:2      | Slain by an endoplasm

Illustrated notes

Levels and vault maps discovered:
D:1:      spicycebolla_green_bress_n_ham_2, layout_basic,
          shapermc_ecumenical_altar_rom_forum, minivault_5
D:2:      layout_basic, serial_shops, nicolae_shop_tiny_statue_garden,
          uniq_natasha

Skill      XL: |  1  2 |
---------------+-------+-----
Fighting       | 2 |  2.8
Ranged Weapons | 4 |  4.3
Dodging        | |  1.7
Stealth        | |  0.8

Action                     || total
---------------------------++-------
   Fire: Shortbow          ||   107
 Armour: Leather armour    ||    21
  Dodge: Dodged            ||    55
